 Dungeon Crawl Stone Soup version 0.24-a0-434-gd57e52fea8 (webtiles) character file.

Game seed: 13815917059292597987

9 Cavalorn the Vexing (level 2, 21/21 HPs)
             Began as a Demonspawn Arcane Marksman on June 16, 2019.
             Quit the game on level 1 of the Dungeon.
             The game lasted 00:00:07 (127 turns).

Cavalorn the Vexing (Demonspawn Arcane Marksman)     Turns: 127, Time: 00:00:08

Health: 21/21      AC:  2    Str: 10    XL:     2   Next: 3%
Magic:  3/3        EV: 14    Int: 14    God:
Gold:   22         SH:  0    Dex: 13    Spells: 2/3 levels left

rFire    . . .     SeeInvis .   a - +0 hunting sling
rCold    . . .     Gourm    .   (no shield)
rNeg     . . .     Faith    .   e - +0 robe
rPois    .         Spirit   .   (no helmet)
rElec    .         Reflect  .   (no cloak)
rCorr    .         Harm     .   (no gloves)
MR       .....                  (no boots)
Stlth    +.........             (no amulet)
HPRegen  0.07/turn              (no ring)
MPRegen  0.08/turn              (no ring)

@: no status effects
A: repulsion field 1
a: no special abilities


You were on level 1 of the Dungeon.
You were not hungry.

You visited 1 branch of the dungeon, and saw 1 of its levels.

You collected 22 gold pieces.

Inventory:

Hand Weapons
 a - a +0 hunting sling (weapon)
Missiles
 d - 18 sling bullets (quivered)
Armour
 e - a +0 robe (worn)
Jewellery
 g - an uncursed ring of flight {unknown}
Scrolls
 b - 2 scrolls of remove curse {unknown}
Potions
 c - a potion of curing {unknown}
Comestibles
 f - a ration


   Skills:
 + Level 1.0 Fighting
 + Level 2.0 Slings
 + Level 2.1 Dodging
 + Level 1.0 Spellcasting
 + Level 3.1 Hexes


You had 2 spell levels left.
You knew the following spells:

 Your Spells              Type           Power        Failure   Level  Hunger
a - Corona                Hex            #......      7%          1    ##.....

Your spell library contained the following spells:

 Spells                   Type           Power        Failure   Level  Hunger
 Slow                     Hex            #.......     11%         2    ###....
 Inner Flame              Hex/Fire       #.......     38%         3    ####...
 Portal Projectile        Hex/Tloc       #.....       38%         3    ####...
 Cause Fear               Hex            #.........   56%         4    #####..
 Leda's Liquefaction      Hex/Erth       #.........   80%         4    #####..


Dungeon Overview and Level Annotations

Branches:
Dungeon (1/15)

Altars:


Innate Abilities, Weirdness & Mutations

You are surrounded by a mild repulsion field. (EV +2)


Message History

You kill the goblin!
Your Slings skill increases to level 2!
A kobold comes into view. It is wielding a +0 club.
Firing (i - inventory)
d - 19 sling bullets (quivered)
Press: ? - help, Shift-Dir - straight line, f - kobold
Aim: a kobold, wielding a +0 club (resting)
You shoot a sling bullet. The sling bullet hits the kobold!
You kill the kobold!
d - 19 sling bullets (gained 1)
There is a stone staircase leading down here.
A kobold comes into view.
It is wielding a +1 short sword of venom.
Firing (i - inventory)
d - 19 sling bullets (quivered)
Press: ? - help, Shift-Dir - straight line, f - kobold
Aim: a kobold, wielding a +1 short sword of venom (resting)
You shoot a sling bullet. The sling bullet hits the kobold!
You kill the kobold!
You have reached level 2!
Your demonic ancestry asserts itself...
You begin to radiate repulsive energy.
Are you sure you want to abandon this character and quit the game? (Confirm with "yes".)

#....# #####
#....####...#
#....##...#.#
#.......###.# #.......#
#.# # #.......###.#####
... #>...............
.....###....#####...####
.......@..............#
....(.................##
........................
....................###.
.......#.######.##..#...
..$....#.. ...##..###.
.......... ... ...+ #.
...(... ### ## ###.# #.
..# #+


There were no monsters in sight!

Vanquished Creatures
  A dart slug (D:1)
  A goblin (D:1)
  A hobgoblin (D:1)
  A frilled lizard (D:1)
  2 kobolds (D:1)
  A rat (D:1)
7 creatures vanquished.

Notes
Turn   | Place    | Note
-------+----------+-------------------------------------------
     0 | D:1      | Cavalorn the Demonspawn Arcane Marksman began the quest for
                  | the Orb.
     0 | D:1      | Reached XP level 1. HP: 15/15 MP: 2/2
   126 | D:1      | Gained mutation: You are surrounded by a mild repulsion
                  | field. (EV +2) [demonic ancestry]
   126 | D:1      | Reached XP level 2. HP: 21/21 MP: 3/3
   127 | D:1      | Quit the game

Levels and vault maps discovered:
D:1:      shiori_arrival_maze, layout_basic

Skill      XL: |  1 |
---------------+----+-----
Dodging        | 2 |  2.1
Slings         | 2 |  2.0
Fighting       | |  1.0
Spellcasting   | |  1.0
Hexes          | |  3.1

Action                   || total
-------------------------++-------
 Fire: Hunting sling     ||    11
Dodge: Dodged            ||     2

Table legend:
 A = Non-vault XP
 B = Vault XP
 C = Vault XP percentage of total XP
 D = Non-vault monster count
 E = Vault monster count
 F = Vault count percentage of total count
                 A         B        C        D         E       F
            +---------+---------+-------+---------+---------+-------
      Total |      13 |       0 |   0.0 |       7 |       0 |   0.0
            +---------+---------+-------+---------+---------+-------
        D:1 |      13 |       0 |   0.0 |       7 |       0 |   0.0
            +---------+---------+-------+---------+---------+-------
